 Dungeon Crawl Stone Soup version 0.28-a0-46-g7b1be97da7 (webtiles) character file.

Game seed: 11894077088716898634

31811 srdjan the Warrior (level 13, -2/129 HPs)
             Began as a Minotaur Fighter on July 30, 2021.
             Was the Champion of Okawaru.
             Succumbed to a cane toad's poison
             ... on level 6 of the Lair of Beasts.
             The game lasted 00:46:05 (17318 turns).

srdjan the Warrior (Minotaur Fighter)              Turns: 17318, Time: 00:46:06

Health: -2/129     AC: 22    Str: 32    XL:     13   Next: 28%
Magic:  18/18      EV: 13    Int:  5    God:    Okawaru [******]
Gold:   865        SH:  0    Dex: 20    Spells: 14/14 levels left

rFire   . . .      SeeInvis .   K - +3 scimitar (flame)
rCold   . . .      Faith    .   (no shield)
rNeg    + . .      Spirit   .   O - +5 ring mail "Eluaneuc" {rN+ Dex+4}
rPois   .          Reflect  .   X - +2 hat
rElec   +          Harm     .   x - +1 cloak
rCorr   .          Rampage  .   (no gloves)
Will    .....                   s - +0 pair of boots
Stlth   +.........              H - amulet of Towkeos {Acrobat Fragile Fly rElec Str+6}
HPRegen 0.31/turn               A - +4 ring of protection
MPRegen 0.16/turn               F - +6 ring of dexterity

@: lethally poisoned (-2 -> -24), flying
A: horns 2, retaliatory headbutt
a: Renounce Religion, Heroism, Finesse


You were on level 6 of the Lair of Beasts.
You worshipped Okawaru.
Okawaru was exalted by your worship.
You visited 3 branches of the dungeon, and saw 18 of its levels.

You collected 1023 gold pieces.
You spent 158 gold pieces at shops.

Inventory:

Hand Weapons
 K - a +3 scimitar of flaming (weapon)
 L - a +2 vorpal great sword
Missiles
 j - 325 arrows
 z - 4 atropa-tipped darts (quivered)
Armour
 e - a +0 tower shield
 s - a +0 pair of boots (worn)
 x - a +1 cloak (worn)
 O - the +5 ring mail "Eluaneuc" (worn) {rN+ Dex+4}
   (You found it on level 11 of the Dungeon)

   Dex:       It affects your dexterity (+4).
   rN:        It protects you from negative energy.
 S - a +0 ring mail of poison resistance
 X - a +2 hat (worn)
Jewellery
 l - an amulet of reflection
 o - a +6 ring of intelligence
 y - an amulet of the acrobat
 A - a +4 ring of protection (left hand)
 F - a +6 ring of dexterity (right hand)
 H - the amulet of Towkeos (around neck) {Acrobat Fragile Fly rElec Str+6}
   (You found it on level 9 of the Dungeon)

   [amulet of the acrobat]

   It increases your evasion while moving and waiting.
   Str:       It affects your strength (+6).
   rElec:     It insulates you from electricity.
   Fly:       It grants you flight.
   Fragile:   It will be destroyed if unequipped.
 T - a ring of willpower
 U - an amulet of guardian spirit
Wands
 a - a wand of mindburst (14)
 B - a wand of acid (37)
 M - a wand of polymorph (15)
 P - a wand of flame (52)
 R - a wand of charming (23)
 V - a wand of iceblast (8)
Scrolls
 f - 4 scrolls of torment
 g - 3 scrolls of fear
 h - 2 scrolls of summoning
 k - 3 scrolls of enchant weapon
 n - a scroll of teleportation
 p - a scroll of amnesia
 q - 2 scrolls of enchant armour
 t - a scroll of brand weapon
 w - 6 scrolls of magic mapping
 D - 2 scrolls of fog
 N - a scroll of silence {unknown}
 Y - a scroll of immolation {unknown}
Potions
 b - 3 potions of flight {unknown}
 d - 5 potions of lignification {unknown}
 i - 4 potions of attraction {unknown}
 r - 3 potions of invisibility {unknown}
 u - 5 potions of curing {unknown}
 v - 3 potions of mutation {unknown}
 C - 2 potions of heal wounds
 E - a potion of magic {unknown}
 G - a potion of haste {unknown}
 I - 4 potions of might
 J - 2 potions of ambrosia
 Q - 2 potions of resistance {unknown}
 W - a potion of cancellation {unknown}


   Skills:
 * Level 16.2 Fighting
 - Level 14.0 Long Blades
 + Level 12.3 Armour
 - Level 3.8 Dodging
 - Level 3.6 Shields
 - Level 1.0 Spellcasting
 * Level 8.1 Invocations


You had 14 spell levels left.
You didn't know any spells.
Your spell library contained the following spells:

 Spells                   Type           Power      Damage    Failure   Level
 Magic Dart               Conj           0%         1d3       52%         1
 Searing Ray              Conj           0%         3d3       67%         2
 Slow                     Hex            0%         N/A       67%         2
 Confusing Touch          Hex            0%         N/A       88%         3
 Conjure Flame            Conj/Fire      0%         6-21      88%         3
 Frozen Ramparts          Ice            0%         1d2       88%         3
 Ignite Poison            Fire/Tmut/Pois 0%         N/A       88%         3
 Vampiric Draining        Necr           0%         2d6       88%         3
 Animate Armour           Summ/Erth      0%         N/A       99%         4
 Fulminant Prism          Conj/Hex       0%         3d6       99%         4
 Ice Form                 Ice/Tmut       0%         N/A       99%         4
 Sticky Flame             Conj/Fire      0%         2d3       99%         4
 Summon Ice Beast         Ice/Summ       0%         N/A       99%         4
 Blade Hands              Tmut           0%         N/A       100%        5
 Iron Shot                Conj/Erth      0%         9d1       100%        6
 Malign Gateway           Summ/Tloc      0%         N/A       100%        7
 Summon Horrible Things   Summ           0%         N/A       100%        8


Dungeon Overview and Level Annotations

Branches:
Dungeon (12/15)            Temple (1/1) D:6            Lair (4/6) D:9
  Swamp (0/4) Lair:2       Spider (0/4) Lair:3          Orc (0/2) D:12

Altars:
Ashenzari
Cheibriados
Dithmenos
Elyvilon
Fedhas
Gozag
Hepliaklqana
Kikubaaqudgha
Makhleb
Nemelex Xobeh
Okawaru
Qazlal
Ru
Sif Muna
Trog
Uskayaw
Vehumet
Wu Jian
Xom
Yredelemnul
Zin
The Shining One

Shops:
D:4 *   D:10 *


Innate Abilities, Weirdness & Mutations

You have a pair of horns on your head.
You reflexively headbutt those who attack you in melee.


Message History

You barely miss the black mamba. Your headbutt misses the black mamba.
The black mamba is almost dead.
You feel sick.
A nearby plant withers and dies.
The black mamba closely misses you. You furiously retaliate!
You headbutt the black mamba.
You kill the black mamba!
Okawaru accepts your kill. The water moccasin closely misses you.
You furiously retaliate!
You headbutt the water moccasin!
You kill the water moccasin!
Okawaru accepts your kill.
A water moccasin comes into view.
You feel sick.
The water moccasin hisses angrily.
You feel sick.
You feel sick.
Found 12 stones and 3 scrolls of identify.
You feel sick.
You feel sick.
You see here a +4 ring of evasion.
You are too injured to fight recklessly!
You are too injured to fight recklessly!
You are too injured to fight recklessly!
You are too injured to fight recklessly!
You barely miss the cane toad. You headbutt the cane toad!
The cane toad is heavily wounded.
You feel sick. The cane toad stings you.
* * * LOW HITPOINT WARNING * * *
You are lethally poisoned!
The cane toad poisons you!
You hit the cane toad but do no damage. Your headbutt misses the cane toad.
The cane toad is heavily wounded.
* * * LOW HITPOINT WARNING * * *
You feel very sick. The cane toad stings you!
* * * LOW HITPOINT WARNING * * *
You slice the cane toad!! You burn the cane toad.
You kill the cane toad!
Okawaru accepts your kill.
You die...

.....P### #............
.....P..####............
......P.P#.....$........
..P.....................
#.P..P...#...........
#.#.....#..).........
##...###...........
#.....##.........
#.@..#P##.......
#....###P#...... #...##
...... #...## ... #..#
.. ?(# #.. ##.


There were no monsters in sight!

Vanquished Creatures
  Josephine (D:11)
  Erolcha (D:10)
  2 hydras (Lair:2)
  A two-headed ogre (D:11)
  2 deep elf pyromancers
  The ghost of Ycrey the Covert, a novice FeBe of Trog (Lair:1)
  A cyclops (D:12)
  3 manticores
  An ugly thing (D:12)
  An elephant (D:9)
  5 black mambas
  A centaur zombie (D:11)
  Joseph (D:7)
  2 cane toads
  A gargoyle (D:10)
  2 rime drakes
  Psyche (D:8)
  6 komodo dragons
  3 kobold demonologists
  An efreet (D:8)
  3 trolls
  A polar bear (Lair:3)
  A queen bee (Lair:1)
  2 hornets (Lair:1)
  9 slime creatures (D:12)
  A shadow (D:11)
  3 redbacks (Lair:3)
  9 wyverns
  4 wraiths
  A vampire (D:12)
  4 basilisks
  Eustachio (D:3)
  22 yaks
  11 vampire mosquitoes
  A steam dragon (D:8)
  Menkaure (D:7)
  An acid dragon (D:10)
  7 water moccasins
  9 orc warriors
  A sky beast (D:4)
  2 black bears
  2 ice beasts
  2 ogres
  2 necrophages
  5 wolves (Lair:1)
  A phantom (D:5)
  11 centaurs
  2 kobold brigands
  Blork the orc (D:4)
  7 bullfrogs
  A wyvern zombie (D:7)
  A water moccasin zombie (D:7)
  A water moccasin skeleton (D:7)
  24 killer bees
  6 electric eels (Lair:2)
  8 howler monkeys
  A bullfrog zombie (D:6)
  2 hounds
  3 jellies (D:7)
  13 orc priests
  Crazy Yiuf (D:4)
  2 centaur skeletons (D:7)
  Terence (D:2)
  An iguana (D:5)
  18 orc wizards
  A scorpion zombie (D:5)
  A hound skeleton (D:5)
  A howler monkey zombie (D:10)
  Robin (D:4)
  6 gnolls
  3 adders
  An ufetubus (D:7)
  A worm (D:2)
  4 dart slugs
  54 orcs
  7 ball pythons
  10 endoplasms
  2 giant cockroaches
  20 goblins
  12 hobgoblins
  2 jackals (D:2)
  4 kobolds
  5 quokkas
  10 bats
  5 frilled lizards
  4 rats
401 creatures vanquished.

Vanquished Creatures (others)
  An orc wizard (D:7)
  4 fungi
  28 plants
33 creatures vanquished.

Grand Total: 434 creatures vanquished

Notes
Turn   | Place    | Note
-------+----------+-------------------------------------------
     0 | D:1      | srdjan the Minotaur Fighter began the quest for the Orb.
     0 | D:1      | Reached XP level 1. HP: 19/19 MP: 0/0
    56 | D:1      | Reached XP level 2. HP: 27/27 MP: 1/1
   130 | D:1      | Reached skill level 4 in Fighting
   531 | D:1      | Reached XP level 3. HP: 33/33 MP: 2/2
  1011 | D:2      | Reached XP level 4. HP: 23/41 MP: 3/3
  1425 | D:2      | Found a faded altar of an unknown god.
  1510 | D:2      | Noticed Terence
  1522 | D:2      | Killed Terence
  1523 | D:2      | Reached skill level 5 in Fighting
  2010 | D:3      | Found an ornate altar of the Wu Jian Council.
  2018 | D:3      | Reached XP level 5. HP: 48/48 MP: 4/4
  2534 | D:3      | Found a shadowy altar of Dithmenos.
  2855 | D:4      | Found Siloq's General Store.
  2855 | D:4      | Noticed Robin
  2871 | D:4      | Noticed Eustachio
  2938 | D:4      | Killed Robin
  2951 | D:3      | Killed Eustachio
  2952 | D:3      | Reached skill level 6 in Fighting
  2952 | D:3      | Reached skill level 5 in Long Blades
  2952 | D:3      | Reached XP level 6. HP: 33/57 MP: 5/5
  3089 | D:4      | Bought a scroll of identify for 22 gold pieces
  3125 | D:4      | Noticed a sky beast
  3147 | D:4      | Killed a sky beast
  3148 | D:4      | Reached skill level 5 in Armour
  3573 | D:4      | Noticed Blork the orc
  3580 | D:4      | Killed Blork the orc
  3737 | D:4      | Found a runed translucent door.
  3738 | D:4      | Noticed Crazy Yiuf
  3923 | D:4      | Killed Crazy Yiuf
  4097 | D:5      | Entered Level 5 of the Dungeon
  4109 | D:5      | Reached XP level 7. HP: 64/64 MP: 6/6
  4165 | D:5      | Reached skill level 7 in Fighting
  4776 | D:5      | Reached skill level 8 in Fighting
  4776 | D:5      | Reached XP level 8. HP: 74/74 MP: 7/7
  5265 | D:6      | Found a staircase to the Ecumenical Temple.
  5293 | Temple   | Entered the Ecumenical Temple
  5856 | D:6      | Found an iron altar of Okawaru.
  5868 | D:6      | Became a worshipper of Warmaster Okawaru
  5999 | D:6      | Found a bloodstained altar of Trog.
  5999 | D:6      | Found a radiant altar of Vehumet.
  6098 | D:6      | Reached skill level 9 in Fighting
  6125 | D:7      | Noticed Menkaure
  6132 | D:7      | Killed Menkaure
  6132 | D:7      | Reached * piety under Okawaru
  6422 | D:7      | Found an opulent altar of Gozag.
  6452 | D:7      | Reached skill level 1 in Invocations
  6452 | D:7      | Reached XP level 9. HP: 82/84 MP: 8/8
  6858 | D:7      | Reached skill level 10 in Fighting
  6955 | D:7      | Noticed Joseph
  6980 | D:7      | Killed Joseph
  6980 | D:7      | Reached ** piety under Okawaru
  6986 | D:7      | Reached skill level 10 in Long Blades
  7485 | D:8      | Reached *** piety under Okawaru
  7687 | D:8      | Noticed an efreet
  7694 | D:8      | Killed an efreet
  7695 | D:8      | Reached XP level 10. HP: 64/94 MP: 12/12
  8038 | D:8      | Noticed Psyche
  8049 | D:8      | Killed Psyche
  8050 | D:8      | Reached skill level 11 in Fighting
  8486 | D:8      | Noticed a manticore
  8507 | D:8      | Killed a manticore
  8677 | D:8      | Reached **** piety under Okawaru
  9231 | D:9      | Identified the amulet of Towkeos {Acrobat Fragile Fly rElec
                  | Str+6}
  9333 | D:9      | Reached skill level 1 in Spellcasting
  9594 | D:9      | Noticed an elephant
  9605 | D:9      | Reached skill level 12 in Fighting
  9618 | D:9      | Killed an elephant
  9635 | D:9      | Reached ***** piety under Okawaru
 10120 | D:9      | Found a staircase to the Lair.
 10313 | D:10     | Entered Level 10 of the Dungeon
 10504 | D:10     | Found an opulent altar of Gozag.
 10504 | D:10     | Found an opulent altar of Gozag.
 10506 | D:10     | Found an opulent altar of Gozag.
 10515 | D:10     | Noticed a deep elf pyromancer
 10567 | D:10     | Killed a deep elf pyromancer
 10568 | D:10     | Reached skill level 1 in Dodging
 10568 | D:10     | Reached XP level 11. HP: 105/105 MP: 13/13
 10568 | D:10     | Found an opulent altar of Gozag.
 10600 | D:10     | Noticed Erolcha
 10609 | D:10     | Killed Erolcha
 10879 | D:10     | Found Elatatz's Serpentskin Sales.
 11048 | D:10     | Received a gift from Okawaru
 11049 | D:10     | Reached skill level 13 in Fighting
 11058 | D:11     | Identified the +5 ring mail "Eluaneuc" {rN+ Dex+4}
 11311 | D:11     | Reached skill level 10 in Armour
 11625 | D:11     | Noticed Josephine
 11631 | D:11     | Killed Josephine
 11754 | D:11     | Noticed a two-headed ogre
 11761 | D:11     | Killed a two-headed ogre
 11761 | D:11     | Received a gift from Okawaru
 12109 | D:12     | Noticed a purple ugly thing
 12113 | D:12     | Killed a purple ugly thing
 12252 | D:11     | Reached skill level 14 in Fighting
 12264 | D:12     | Reached XP level 12. HP: 109/117 MP: 14/14
 12337 | D:12     | Found a staircase to the Orcish Mines.
 13239 | D:12     | Reached skill level 5 in Invocations
 13300 | D:12     | Reached skill level 15 in Fighting
 13764 | D:12     | Reached ****** piety under Okawaru
 13959 | D:10     | Bought a +0 ring mail of poison resistance for 136 gold
                  | pieces
 14034 | Lair:1   | Entered Level 1 of the Lair of Beasts
 14286 | Lair:1   | Noticed Ycrey's ghost (novice FeBe)
 14318 | Lair:1   | Found a transporter.
 14323 | Lair:1   | Found a transporter.
 14360 | Lair:1   | Killed Ycrey's ghost
 14368 | Lair:1   | Received a gift from Okawaru
 14369 | Lair:1   | Found the +9 scales of the Dragon King {rPois rF+ rC+
                  | Will+}
 15357 | Lair:2   | Noticed an eight-headed hydra
 15365 | Lair:2   | Killed a six-headed hydra
 15444 | Lair:2   | Found a staircase to the Swamp.
 15942 | Lair:2   | Noticed a seven-headed hydra
 15947 | Lair:2   | Killed a four-headed hydra
 16031 | Lair:2   | Reached XP level 13. HP: 128/128 MP: 17/17
 16652 | Lair:3   | Found a hole to the Spider Nest.
 16720 | Lair:3   | Reached skill level 16 in Fighting
 17274 | Lair:4   | You are sucked into a shaft and drop 2 floors!
 17274 | Lair:6   | Entered Level 6 of the Lair of Beasts
 17284 | Lair:6   | Noticed a fire dragon
 17317 | Lair:6   | HP: 2/129 [cane toad (17)]
 17318 | Lair:6   | Succumbed to a cane toad's poison

Illustrated notes

Levels and vault maps discovered:
D:1:      psy_arrival_wood_between_worlds, layout_basic
D:2:      minmay_chambers_of_twos, layout_rooms,
          dreamdust_ecumenical_altar_hidden_monk_grotto, uniq_terence
D:3:      layout_loops_cross, lemuel_round_altar, marbit_many_paths,
          grunt_decor_resistance
D:4:      layout_loops_cross, serial_shops, nicolae_diamond_shop,
          uniq_blork_the_orc, uniq_crazy_yiuf_cottage, uniq_robin,
          uniq_eustachio
D:5:      layout_loops_ring, hangedman_decor_slide_cut, minmay_misc_feat_alley,
          chequers_serial_rivers_room_b
D:6:      layout_basic, gammafunk_temple_overflow_wave, lemuel_doored_altar,
          minmay_temple_entry_overgrown
D:7:      layout_cave_pools, st_stairs_10, kennysheep_flooded_box,
          chequers_jeans, lightli_corner_chamber, uniq_joseph, uniq_menkaure
D:8:      layout_gridville, small_chamber_with_monster, uniq_psyche
D:9:      layout_loops_cross, david_lair_generic
D:10:     layout_roguey, nicolae_gozag_conspicuous_consumption,
          guppyfry_shop_venom, uniq_erolcha
D:11:     layout_long_grid, uniq_josephine
D:12:     layout_stronghold, hiddenorc2_lemuel
Temple:   regret_index_temple_sphere_string
Lair:1:   wander_river, layout_gridlike, serial_rivers,
          chequers_serial_rivers_small_3, chequers_serial_rivers_large_a,
          chequers_serial_rivers_marsh, chequers_serial_rivers_small_3,
          chequers_serial_rivers_micro_b, gammafunk_ghost_hive
Lair:2:   layout_loops_ring, minmay_swamp_entry_eels, st_stairs_4, minivault_19,
          serial_bayou_pond_e, grunt_megastairs_4
Lair:3:   layout_loops_ring, spider_nest_entry_webs, grunt_megastairs_1
Lair:4:   layout_cave_shapes, enter_volcano_3, beast_lair_carwin_7
Lair:6:   hangedman_lair_tendril_chambers, layout_small_grid,
          guppyfry_lair_end_dragon, chequers_serial_rivers_micro_d,
          nicolae_lair_yak_garden

Skill      XL: |  1  2  3  4  5  6  7  8  9 10 11 12 13 |
---------------+----------------------------------------+-----
Fighting       | 4 5 6 8 9 10 12 14 15 16 | 16.2
Long Blades    | 3 4 5 6 7 9 10 12 13 14 | 14.0
Armour         | 4 5 6 7 8 9 10 11 12 | 12.3
Invocations    | 1 4 7 8 |  8.1
Spellcasting   | 1 |  1.0
Dodging        | 1 3 |  3.8
Shields        | |  3.6

Action                   |  1- 3 |  4- 6 |  7- 9 | 10-12 | 13-15 || total
-------------------------+-------+-------+-------+-------+-------++-------
Melee: Long sword        |    78 |   161 |   260 |       |       ||   499
       Headbutt          |     9 |    31 |    67 |   151 |    37 ||   295
       Scimitar          |       |       |    35 |   310 |    81 ||   426
       Great sword       |       |       |       |   161 |       ||   161
Invok: Heroism           |       |       |       |     3 |       ||     3
Evoke: Wand              |       |       |       |     1 |       ||     1
  Use: Potion            |       |     1 |       |       |       ||     1
       Scroll            |       |       |     7 |     5 |     3 ||    15
 Stab: Sleeping          |       |       |       |     1 |       ||     1
Armor: Scale mail        |    29 |       |       |       |       ||    29
       Plate armour      |    50 |    93 |   167 |   110 |       ||   420
       Ring mail         |       |       |       |   115 |    25 ||   140
Dodge: Dodged            |    23 |    22 |    34 |   246 |    57 ||   382
Block: Kite shield       |    60 |   170 |   197 |   219 |       ||   646
       Reflection        |       |       |    15 |     5 |       ||    20
       Rpst.: Long sword |     7 |     4 |     5 |       |       ||    16
       Scimitar          |       |       |     1 |    24 |    23 ||    48
       Great sword       |       |       |       |    26 |       ||    26

Table legend: (Time is in decaauts)
 A = Elapsed time spent in this place.
 B = Non-inter-level travel time spent in this place.
 C = Inter-level travel time spent in this place.
 D = Time resting spent in this place.
 E = Time spent auto-exploring this place.
 F = Levels seen in this place.
 G = Mean time per level.
                   A        B        C        D        E       F      G
               +--------+--------+--------+--------+--------+-----+--------+
         Total |  17463 |  16663 |    800 |   3434 |  10316 |  18 |  970.2 |
       Dungeon |  13968 |  13510 |    458 |   2880 |   8126 |  12 | 1164.0 |
        Temple |    246 |      6 |    240 |      0 |      0 |   1 |  246.0 |
          Lair |   3247 |   3146 |    101 |    554 |   2190 |   5 |  649.4 |
               +--------+--------+--------+--------+--------+-----+--------+

Top non-repeatable levels by time:
    D:12: 1712 daAuts
     D:8: 1510 daAuts
     D:9: 1420 daAuts
     D:7: 1301 daAuts
  Lair:2: 1239 daAuts
     D:4: 1188 daAuts
    D:11: 1166 daAuts
     D:2: 1151 daAuts
  Lair:1: 1060 daAuts
     D:5: 1026 daAuts
     D:3: 953 daAuts
     D:1: 909 daAuts
  Lair:3: 873 daAuts
    D:10: 835 daAuts
     D:6: 792 daAuts
